 Dungeon Crawl Stone Soup version 0.31-a0-128-g25add195a6 (webtiles) character file.

Game seed: 6989362238259725492

34 marky1606 the Insei (level 3, -2/29 HPs)
             Began as a Demonspawn Monk on June 2, 2023.
             Slain by Terence
             ... wielding a +0 flail
              (7 damage)
             ... on level 1 of the Dungeon.
             The game lasted 00:06:26 (954 turns).

marky1606 the Insei (Demonspawn Monk)                Turns: 954, Time: 00:06:27

Health: -2/29      AC:  3    Str: 11    XL:     3   Next: 14%
Magic:  3/3        EV: 13    Int: 11    God:
Gold:   62         SH:  0    Dex: 17    Spells: 2/2 levels left

rFire   . .          .
                       - Unarmed
rCold   . . .        c - orb {light}
rNeg    . . .        a - +0 robe
rPois   .            (no helmet)
rElec   .            (no cloak)
rCorr   .            (no gloves)
SInv    +            (no boots)
Will    .....        (no amulet)
Stlth   +            m - ring of see invisible
HPRegen 0.24/turn    (no ring)
MPRegen 0.08/turn

%: no passive effects
@: glowing
A: spiny 1, sharp scales 1
a: no special abilities


You were on level 1 of the Dungeon.
You visited 1 branch of the dungeon, and saw 2 of its levels.

You collected 62 gold pieces.

Inventory:

Armour
 a - a +0 robe (worn)
 c - an orb of light (worn)
 f - an orb of energy
Jewellery
 m - a ring of see invisible (left hand)
Scrolls
 d - 2 scrolls of amnesia {unknown}
 e - a scroll of blinking {unknown}
 h - a scroll of vulnerability {unknown}
 i - a scroll of teleportation {unknown}
 j - 3 scrolls of identify {unknown}
 n - a scroll of immolation {unknown}
 o - a scroll of magic mapping {unknown}
 p - a scroll of fog {unknown}
Potions
 b - a potion of ambrosia
 g - a potion of attraction {unknown}
 k - a potion of magic {unknown}
 l - 2 potions of might {unknown}


   Skills:
 + Level 3.2 Fighting
 + Level 3.0 Dodging
 * Level 3.5 Unarmed Combat


You had 2 spell levels left.
You didn't know any spells.
Your spell library was empty.

Dungeon Overview and Level Annotations

Branches:
Dungeon (2/15)

Altars:

Annotations:
D:1 Terence
D:2 Sigmund


Innate Abilities, Weirdness & Mutations

You are partially covered in sharp spines.
You are partially covered in razor-sharp scales. (AC +1, Slay +1)


Message History

You see here a +0 chain mail.
Sigmund laughs darkly.
Sigmund points at you and mumbles some strange words.
The puff of flame hits you! Sigmund gestures at you while chanting.
You are confused.
You're too confused to move!
Sigmund is struck by your spines. Sigmund hits you with a +0 scythe.
* * * LOW HITPOINT WARNING * * *
Terence is struck by your spines. Terence barely misses you.
You feel less confused. Sigmund completely misses you.
Terence is struck by your spines. Terence closely misses you.
Sigmund gestures wildly while chanting.
Sigmund flickers and vanishes for a moment.
Terence completely misses you.
Sigmund breathes a few words.
Sigmund's hands start flickering wildly.
Terence attacks as you move away! Terence barely misses you.
Sigmund giggles. "Time to reap what you sow."
Sigmund says, "Now you see me, now you don't..."
Terence attacks as you move away! Terence is struck by your spines.
Terence misses you.
Terence says, "Rest in peace."
Terence attacks as you move away! Terence hits you but does no damage.
Terence attacks as you move away! Terence hits you with a +0 flail.
* * * LOW HITPOINT WARNING * * *
There is a stone staircase leading up here.
You can't go down here!
Terence hits you with a +0 flail.
* * * LOW HITPOINT WARNING * * *
You climb upwards.
There is a stone staircase leading down here.
You hit Terence.
Terence is heavily wounded.
Terence closely misses you.
You hit Terence but do no damage.
Terence is heavily wounded.
Terence hits you with a +0 flail!
You die...

###### #....# #.##.#
#.##.######
#.#.......##############
#.#..####.##.##........#
#.#..# #.#...#.######.#
#.#..# #....@@.# #†#
#....# #.#...#[# #.#
###.## #.......# #.# #.#
####.#########.#### #.#
#.# #........# #.# ##+##
#..)..##.# ###.# ##...##
#..#####.# #..>#
##.....###..#####.#
#..##
##.......##..##.##.#


You could see Terence.

Vanquished Creatures
  A worm (D:2)
  4 endoplasms (D:1)
  A giant cockroach (D:2)
  A quokka (D:2)
  3 ball pythons (D:2)
  5 bats
  4 frilled lizards
  2 goblins
  5 kobolds
  6 rats
32 creatures vanquished.

Notes
Turn   | Place    | Note
-------+----------+-------------------------------------------
     0 | D:1      | marky1606 the Demonspawn Monk began the quest for the Orb.
     0 | D:1      | Reached XP level 1. HP: 18/18 MP: 1/1
   266 | D:1      | Gained mutation: You are partially covered in razor-sharp
                  | scales. (AC +1, Slay +1) [demonic ancestry]
   266 | D:1      | Reached XP level 2. HP: 24/24 MP: 2/2
   808 | D:2      | Gained mutation: You are partially covered in sharp spines.
                  | [demonic ancestry]
   808 | D:2      | Reached XP level 3. HP: 19/29 MP: 3/3
   888 | D:2      | Noticed Sigmund
   894 | D:2      | Noticed Terence
   954 | D:1      | Slain by Terence

Illustrated notes

Levels and vault maps discovered:
D:1:      onia_arrival_handbag, layout_loops_corners,
          hangedman_abyss_or_decor_lesser_grid
D:2:      layout_rooms, shapermc_ecumenical_altar_acropolis, uniq_terence,
          uniq_sigmund

Skill      XL: |  1  2 |
---------------+-------+-----
Unarmed Combat | 3 |  3.5
Dodging        | 3 |  3.0
Fighting       | |  3.2

Action                     || total
---------------------------++-------
  Melee: Unarmed           ||    78
 Armour: Robe              ||    19
  Dodge: Dodged            ||    54

Table legend: (Time is in decaauts)
 A = Elapsed time spent in this place.
 B = Non-inter-level travel time spent in this place.
 C = Inter-level travel time spent in this place.
 D = Time resting spent in this place.
 E = Time spent auto-exploring this place.
 F = Levels seen in this place.
 G = Mean time per level.
                   A        B        C        D        E       F      G
               +--------+--------+--------+--------+--------+-----+--------+
         Total |    949 |    949 |      0 |     78 |      2 |   2 |  474.5 |
       Dungeon |    949 |    949 |      0 |     78 |      2 |   2 |  474.5 |
               +--------+--------+--------+--------+--------+-----+--------+

Top non-repeatable levels by time:
     D:1: 720 daAuts
     D:2: 228 daAuts
